 Dungeon Sprint DCSS version 0.17-a0-1718-g72dbe4d (webtiles) character file.

29 nuthulu the Sneak (level 3, -3/16 HPs)
             Began as a Spriggan Enchanter on Aug 26, 2015.
             Slain by a phantom (7 damage)
             ... in the Dungeon (Sprint III: "The Ten Rune Challenge").
             The game lasted 00:01:38 (187 turns).

nuthulu the Sneak (Spriggan Enchanter)               Turns: 187, Time: 00:01:38

Health: -3/16      AC:  3    Str:  4    XL:     3   Next: 1%
Magic:  7/9        EV: 20    Int: 16    God:
Gold:   0          SH:  0    Dex: 17    Spells: 4 memorised, 1 level left

rFire  . . .     SeeInvis +     a - +1 dagger
rCold  . . .     Clarity  .     b - +1 robe
rNeg   . . .     SustAt   .     (shield restricted)
rPois  .         Gourm    .     (helmet restricted)
rElec  .         Spirit   .     (no cloak)
rCorr  .         Warding  .     (gloves unavailable)
rMut   .         NoTele   +     (boots unavailable)
MR     .....                    (no amulet)
Stlth  ++++......               (no ring)
                                (no ring)

@: very quick, not resistant to hostile enchantments, stealthy
A: unfitting armour, see invisible, herbivore 3, speed 3, slow metabolism 2
a: no special abilities


You were in the Dungeon.
You were not hungry.

You visited 1 branch

Inventory:

Hand weapons
 a - a +1 dagger (weapon)
Armour
 b - a +1 robe (worn)
Scrolls
 j - a scroll of blinking
 k - a scroll of identify {unknown}
Potions
 e - a potion of curing
 f - a potion of heal wounds
 g - a potion of haste
 h - 2 potions of magic
Books
 c - a book of Maledictions

   Spells                             Type                      Level
   a - Corona                         Hexes                        1
   b - Ensorcelled Hibernation        Hexes/Ice                    2
   c - Confuse                        Hexes                        3
   d - Tukima's Dance                 Hexes                        3
   e - Dazzling Spray                 Conjuration/Hexes            3
Comestibles
 d - a bread ration


   Skills:
 + Level 3.1 Short Blades
 + Level 4.8 Dodging
 + Level 6.1 Stealth
 + Level 4.1 Spellcasting
 + Level 4.7 Hexes


You had one spell level left.
You knew the following spells:

 Your Spells              Type           Power        Failure   Level  Hunger
a - Corona                Hex            ###....      2%          1    None
b - Ensorcelled Hibernat  Hex/Ice        ##....       12%         2    ##.....
c - Dazzling Spray        Conj/Hex       ##......     21%         3    ###....
d - Tukima's Dance        Hex            ###.....     10%         3    ###....


Dungeon Overview and Level Annotations

Branches:
Dungeon (1/1)

Altars:


Innate Abilities, Weirdness & Mutations

You are tiny and cannot use many weapons and most armour.
You have supernaturally acute eyesight.
You are a herbivore.
You cover ground extremely quickly.
You need consume almost no food.


Message History

Confirm with . or Enter, or press ? or * to list all spells.
Aiming: Corona
Press: ? - help, Shift-Dir - straight line, f/p - phantom
Aim: a phantom (chance to defeat MR: 38%)
The phantom is outlined in light.
Casting: Corona
Confirm with . or Enter, or press ? or * to list all spells.
Aiming: Corona
Press: ? - help, Shift-Dir - straight line, f/p - phantom
Aim: a phantom (softly glowing, chance to defeat MR: 38%)
Okay, then.
The phantom hits you!
You hit the phantom.
The phantom is moderately damaged.
The phantom hits you.
* * * LOW HITPOINT WARNING * * *
You hit the phantom.
The phantom is moderately damaged.
The phantom hits you!
You die...

▓.....#....≈♣♣
▓.....#W..≈≈.♣ ♣♣.
▓.....#..≈≈≈≈♣♣...
▓####'#..≈≈≈≈≈≈.♣.
▓).†..#.≈≈≈≈≈≈....
▓..††.#.≈≈≈≈≈.....
▓.....#.≈≈≈.......
▓'#####...........
▓...@W............
▓▓▓▓▓▓▓▓▓▓▓▓▓▓▓▓▓▓


You could see a phantom.

Vanquished Creatures
  A human (D)
  2 oozes (D)
  2 rats (D)
5 creatures vanquished.

Vanquished Creatures (others)
  A yaktaur (D)
  A plant (D)
2 creatures vanquished.

Grand Total: 7 creatures vanquished

Notes
Turn   | Place    | Note
--------------------------------------------------------------
     0 | D        | nuthulu the Spriggan Enchanter began the quest for the Orb.
     0 | D        | Reached XP level 1. HP: 9/9 MP: 5/5
     4 | D        | Reached skill level 5 in Stealth
     8 | D        | Reached XP level 2. HP: 13/13 MP: 7/7
    84 | D        | Learned a level 2 spell: Ensorcelled Hibernation
   103 | D        | Reached skill level 6 in Stealth
   103 | D        | Reached XP level 3. HP: 16/16 MP: 2/9
   116 | D        | Killed a yaktaur
   161 | D        | Learned a level 3 spell: Dazzling Spray
   165 | D        | Learned a level 3 spell: Tukima's Dance
   187 | D        | Slain by a phantom

Vault maps used:
D:        dungeon_sprint_mu

Action                   || total
-------------------------++-------
Melee: Dagger            ||    14
 Cast: Corona            ||     3
       Ensorcelled Hiber ||     1
  Use: Potion            ||     1
 Stab: Sleeping          ||     3
